 Dungeon Crawl Stone Soup version 0.25-a0-566-g062765be81 (webtiles) character file.

Game seed: 17801639803239974732, levelgen mode: deterministic

54 MisterFreud the Skirmisher (level 3, -3/37 HPs)
             Began as a Hill Orc Abyssal Knight on Feb 27, 2020.
             Was a Believer of Lugonu.
             Slain by Natasha (7 damage)
             ... on level 2 of the Dungeon.
             The game lasted 00:04:19 (1564 turns).

MisterFreud the Skirmisher (HOAK)                   Turns: 1564, Time: 00:04:19

Health: -3/37      AC:  3    Str: 15    XL:     3   Next: 91%
Magic:  4/4        EV: 11    Int: 12    God:    Lugonu [**....]
Gold:   69         SH:  0    Dex: 10    Spells: 2/2 levels left

rFire    . . .     SeeInvis .   a - +1 hand axe
rCold    . . .     Gourm    .   (no shield)
rNeg     . . .     Faith    .   b - +0 leather armour
rPois    .         Spirit   .   (no helmet)
rElec    .         Reflect  .   (no cloak)
rCorr    .         Harm     .   (no gloves)
MR       .....                  (no boots)
Stlth    +.........             (no amulet)
HPRegen  0.12/turn              (no ring)
MPRegen  0.09/turn              (no ring)

@: slowed, very slow
A: no striking features
a: Depart the Abyss, Bend Space, Renounce Religion


You were on level 2 of the Dungeon.
You worshipped Lugonu.
Lugonu was pleased with you.
You were not hungry.

You visited 1 branch of the dungeon, and saw 2 of its levels.
You visited the Abyss 1 time.

You collected 69 gold pieces.

Inventory:

Hand Weapons
 a - a +1 hand axe (weapon)
Missiles
 e - 2 atropa-tipped darts (quivered)
 h - 6 stones
 i - 27 arrows
Armour
 b - a +0 leather armour (worn)
Scrolls
 d - 2 scrolls of noise {unknown}
 f - a scroll of amnesia {unknown}
 j - a scroll of identify {unknown}
Potions
 g - a potion of curing
 k - a potion of lignification
Comestibles
 c - 2 rations


   Skills:
 + Level 5.7 Fighting
 - Level 2.6 Axes
 - Level 2.1 Armour
 - Level 0.7 Dodging
 - Level 2.4 Invocations


You had 2 spell levels left.
You didn't know any spells.
Your spell library was empty.

Dungeon Overview and Level Annotations

Branches:
Dungeon (2/15)

Altars:

Annotations:
D:2 Natasha


Message History

Natasha is almost dead.
You hit the iron imp but do no damage.
The white imp disappears in a puff of smoke!
The iron imp closely misses you. Natasha barely misses you.
The iron imp barely misses you. Natasha barely misses you.
You hit Natasha but do no damage.
Natasha is severely wounded.
You hit the iron imp.
The iron imp disappears in a puff of smoke!
Natasha claws you.
* * * LOW HITPOINT WARNING * * *
You barely miss Natasha.
Natasha is severely wounded.
Natasha closely misses you. Natasha claws you.
* * * LOW HITPOINT WARNING * * *
You hit Natasha.
Natasha is almost dead.
Natasha casts a spell.
Natasha claws you!
You die...

#>.........
#..........
#(..###+######
.......#(..h......
.#######.#........
#.#........
#5#........
#h#........
#@#........
#5#<..#....
#.#.###.... #.#
#.# #.. ###


You could see Natasha, a crimson imp and a white imp.

Vanquished Creatures
  2 dart slugs (D:1)
  2 leopard geckos (D:1)
  2 giant cockroaches (D:1)
  3 goblins (D:1)
  7 hobgoblins (D:1)
  9 jackals (D:1)
  5 kobolds
  2 ball pythons (D:1)
  4 bats (D:1)
  2 frilled lizards (D:1)
  3 rats (D:1)
41 creatures vanquished.

Notes
Turn   | Place    | Note
-------+----------+-------------------------------------------
     0 | Abyss:1  | MisterFreud the Hill Orc Abyssal Knight began the quest for
                  | the Orb.
     0 | Abyss:1  | Reached XP level 1. HP: 19/19 MP: 2/2
    11 | D:1      | Escaped the Abyss
    68 | D:1      | Reached skill level 4 in Fighting
    75 | D:1      | Reached XP level 2. HP: 10/27 MP: 3/3
   562 | D:1      | Reached ** piety under Lugonu
   562 | D:1      | Reached XP level 3. HP: 29/35 MP: 4/4
   571 | D:1      | Reached skill level 5 in Fighting
  1523 | D:2      | Noticed Natasha
  1564 | D:2      | Slain by Natasha

Levels and vault maps discovered:
D:1:      eino_arrival_cavern_d, layout_loops_ring, minmay_statues_item
D:2:      layout_basic, grunt_temple_overflow_magic_moments,
          lemuel_doored_altar, chequers_ecumenical_altar_grove, uniq_natasha

Skill      XL: |  1  2  3 |
---------------+----------+-----
Fighting       | 4 5 |  5.7
Axes           | |  2.6
Armour         | |  2.1
Dodging        | |  0.7
Invocations    | |  2.4

Action                   || total
-------------------------++-------
Melee: Hand axe          ||   166
  Use: Potion            ||     3
  Eat: Chunk             ||     2
Armor: Leather armour    ||    36
       Skin              ||    14
Dodge: Dodged            ||    99

Table legend:
 A = Non-vault XP
 B = Vault XP
 C = Vault XP percentage of total XP
 D = Non-vault monster count
 E = Vault monster count
 F = Vault count percentage of total count
                 A         B        C        D         E       F
            +---------+---------+-------+---------+---------+-------
      Total |      78 |       0 |   0.0 |      41 |       0 |   0.0
            +---------+---------+-------+---------+---------+-------
        D:1 |      77 |       0 |   0.0 |      40 |       0 |   0.0
        D:2 |       1 |       0 |   0.0 |       1 |       0 |   0.0
            +---------+---------+-------+---------+---------+-------
